 Dungeon Crawl Stone Soup version 0.17-a0-1760-ga6756ae (webtiles) character file.

311138 achirane the Warrior (level 22, -21/277 HPs)
             Began as a Formicid Fighter on Sept 3, 2015.
             Was the Champion of Kikubaaqudgha.
             Demolished by an Ice Fiend (33 damage)
             ... summoned by a deep elf demonologist
             ... led by an ironheart preserver
             ... on level 4 of the Vaults.
             The game lasted 08:38:28 (54072 turns).

achirane the Warrior (Formicid Fighter)            Turns: 54072, Time: 08:38:29

Health: -21/277    AC: 31    Str: 31    XL:     22   Next: 60%
Magic:  28/34      EV:  2    Int:  8    God:    Kikubaaqudgha [******]
Gold:   5124       SH: 14    Dex: 14    Spells: 5 memorised, 14 levels left

rFire  . . .     SeeInvis .     a - +10 war axe of Dullness {speed, Dex+4}
rCold  . . .     Clarity  +     (armour currently unavailable)
rNeg   + + +     SustAt   .     Y - +1 shield {reflect}
rPois  +         Gourm    .     (helmet unavailable)
rElec  .         Spirit   .     (cloak currently unavailable)
rCorr  .         Warding  .     (gloves currently unavailable)
rMut   .         Stasis   +     (boots currently unavailable)
MR     ++...                    t - amulet of clarity
Stlth  +.........               N - ring of wizardry
                                M - +4 ring of slaying

@: lethally poisoned (-21 -> -24), tree-form, weakened, repel missiles, very
resistant to hostile enchantments, very unstealthy
A: permanent stasis, dig shafts and tunnels, four strong arms, (antennae 0)
a: Receive Corpses, Torment, Renounce Religion
}: 1/15 runes: barnacled


You were on level 4 of the Vaults.
You worshipped Kikubaaqudgha.
Kikubaaqudgha was exalted by your worship.
You were not hungry.
You were a tree.
You visited 8 branches of the dungeon, and saw 40 of its levels.
You visited the Abyss 1 time.
You also visited: Sewer and Ice Cave.

You collected 5473 gold pieces.
You spent 349 gold pieces at shops.

Inventory:

Hand weapons
 a - the +10 war axe of Dullness (weapon) {speed, Dex+4}
   (You bought it in a shop on level 8 of the Dungeon)

   Attacks with this weapon are significantly faster.
   It affects your dexterity (+4).
 c - a +5 greatsling of flaming
 f - a +0 quick blade
 R - a +1 battleaxe of freezing
Missiles
 p - 14 poisoned sling bullets
 v - 274 sling bullets
 w - 17 silver javelins
 C - 16 sling bullets of frost
 S - 31 javelins (quivered)
Armour
 b - a +0 pair of boots (melded)
 o - a +2 pair of gloves of strength (melded)
 y - a +1 cloak of cold resistance (melded)
 U - the +7 chain mail "Ilagot" (melded) {MR+ rCorr Dex+3}
   (You found it on level 11 of the Dungeon)

   It affects your dexterity (+3).
   It affects your resistance to hostile enchantments.
   It protects you from acid and corrosion.
 Y - a +1 shield of reflection (worn)
Jewellery
 t - an amulet of clarity (around neck)
 F - an uncursed ring of wizardry
 I - an uncursed amulet of resist corrosion
 K - an uncursed ring of protection from cold
 M - a +4 ring of slaying (left branch)
 N - a ring of wizardry (right branch)
 O - an uncursed amulet of regeneration
Magical devices
 l - a wand of cold (9)
 u - a wand of lightning (3)
 E - a wand of fireball (7)
 H - a wand of heal wounds (1)
 J - a wand of digging (9)
 L - a wand of fire (6)
 T - a wand of lightning (9)
 V - a wand of disintegration (4)
Scrolls
 h - 6 scrolls of fog
 j - a scroll of summoning
 s - 16 scrolls of remove curse
 z - 8 scrolls of fear
 B - 2 scrolls of recharging
 D - 7 scrolls of magic mapping
 P - 2 scrolls of identify
Potions
 g - 4 potions of agility
 k - a potion of brilliance
 m - a potion of might
 n - a potion of ambrosia
 q - a potion of invisibility
 r - 6 potions of flight
 x - 9 potions of curing
 A - 2 potions of resistance
 Q - a potion of magic
 Z - a potion of cure mutation
Books
 G - a book of Party Tricks

   Spells                             Type                      Level
   a - Summon Butterflies             Summoning                    1
   b - Apportation                    Translocation                1
   c - Tukima's Dance                 Hexes                        3
   d - Alistair's Intoxication        Transmutation/Poison         4
   e - Invisibility                   Hexes                        6
 W - a book of Changes

   Spells                             Type                      Level
   a - Beastly Appendage              Transmutation                1
   b - Sticks to Snakes               Transmutation                2
   c - Spider Form                    Transmutation/Poison         3
   d - Ice Form                       Ice/Transmutation            4
   e - Blade Hands                    Transmutation                5
Comestibles
 d - 3 meat rations
 e - 14 bread rations
 X - 3 chunks of flesh


   Skills:
 - Level 18.4 Fighting
 - Level 15.2 Axes
 - Level 15.0 Armour
 - Level 9.0 Shields
 - Level 8.0 Spellcasting
 - Level 11.0 Charms
 - Level 16.9 Necromancy
 + Level 13.9 Transmutations
 - Level 1.0 Air Magic
 - Level 12.0 Earth Magic


You had 14 spell levels left.
You knew the following spells:

 Your Spells              Type           Power        Failure   Level  Hunger
a - Animate Dead          Necr           N/A          1%          4    ####...
b - Excruciating Wounds   Chrm/Necr      ####......   1%          5    ######.
c - Repel Missiles        Chrm/Air       ##....       1%          2    ##.....
d - Death Channel         Necr           ####......   1%          6    #######
e - Statue Form           Trmt/Erth      ###......    7%          6    #######


Dungeon Overview and Level Annotations

Branches:
Dungeon (15/15)            Temple (1/1) D:7            Lair (8/8) D:9
 Shoals (4/4) Lair:6       Spider (0/4) Lair:4        Slime (0/6) Lair:6
    Orc (4/4) D:9             Elf (3/3) Orc:3        Vaults (4/5) D:13
  Crypt (0/3) Vaults:2     Depths (1/5) D:15

Altars:
Ashenzari
Cheibriados
Dithmenos
Elyvilon
Fedhas
Gozag
Kikubaaqudgha
Makhleb
Nemelex Xobeh
Okawaru
Qazlal
Ru
Sif Muna
Trog
Vehumet
Xom
Yredelemnul
Zin
The Shining One

Shops:
D:8 (   D:14 [   Orc:4 [(:*   Elf:1 :   Elf:2 !   Elf:3 *   Shoals:2 !
Vaults:3 [

Annotations:
D:7 exclusion: statue
D:15 exclusion: downstairs
Depths:1 Mara


Innate Abilities, Weirdness & Mutations

You are under a permanent stasis effect.
You can dig through walls and to a lower floor.
Your four strong arms can wield two-handed weapons with a shield.
((You have a pair of large antennae on your head (SInv).))


Message History

The Ice Fiend claws you but does no damage.
You block the Ice Fiend's attack.
The deep elf fighter hits your elf zombie with a short sword.
Your spectral human hits the Ice Fiend but does no damage.
You block the soul eater's attack.
The deep elf demonologist casts a spell at you.
You resist with almost no effort.
Your ugly thing zombie hits the Ice Fiend but does no damage.
The red very ugly thing claws your human zombie!
Your human zombie is covered in liquid flames.
Your human zombie is covered in liquid flames!
Your ugly thing zombie barely misses the soul eater.
Your human zombie hits the red very ugly thing but does no damage.
The red devil hits your spectral ugly thing but does no damage.
The Ice Fiend claws you but does no damage.
The Ice Fiend claws you!
* * * LOW HITPOINT WARNING * * *
The Ice Fiend freezes you!!
You die...
Kikubaaqudgha rasps: "You have failed me!
Welcome... death!"

......# { ..
#....#####+#######
...#
#....#...........#
..#$ ...#...........#
##.. ##.#...........#
#$...C#ZZZZ..........#
#.uu###Z#{..........#
{#u1ZZ#Z..........#
#Z♣1e#...........#
#e3ZZ#.........).##
...24Z.#...........#{
#########...........+{
#############Z #. #Z
######### #. #.......#
#.


You could see a red very ugly thing, 2 Ice Fiends, a cacodemon, 2 ugly things, a
soul eater, a deep elf demonologist, a red devil, a deep elf fighter, a friendly
spectral ugly thing, a friendly spectral human, a friendly spectral human, 2
friendly spectral humans, 2 friendly ugly thing zombies, a friendly elf zombie,
a friendly human zombie (burning) and a friendly human skeleton.

Vanquished Creatures
  2 bone dragons (Abyss:1)
  Rupert (D:15)
  3 deep elf blademasters
  2 deep elf master archers (Elf:3)
  An octopode crusher (Depths:1)
  2 sphinxes
  Roxanne (D:14)
  Ilsuiw (Shoals:4)
  Donald (D:15)
  Maud (D:15)
  10 vault wardens
  A frost giant (Vaults:3)
  Aizul (Vaults:1)
  7 deep elf sorcerers
  A very ugly thing (Vaults:4)
  A stone giant (Vaults:2)
  The ghost of Cenon the Bludgeoner, a powerful GrFi of Makhleb (Lair:8)
  11 ironheart preservers
  7 deep elf demonologists
  7 deep elf annihilators
  2 dire elephants (Lair:8)
  The ghost of 4thArraOfDagon the Grappler, a powerful TrCK of Xom (Orc:3)
  2 merfolk javelineers (Shoals:4)
  2 ettins
  10 deep elf death magi
  11 vault guards
  10 merfolk impalers
  2 large abominations
  7 yaktaur captains
  Josephine (Lair:5)
  4 deep elf high priests
  A rakshasa (D:15)
  A great orb of eyes (Vaults:3)
  Fannar (Orc:2)
  Harold (D:15)
  3 ice dragons
  2 hydras
  2 centaur warriors
  An entropy weaver (Vaults:2)
  A merfolk avatar (Shoals:3)
  5 ogre magi
  An anaconda (Lair:8)
  15 dancing weapons (Elf:2)
  2 merfolk aquamancers
  5 tengu warriors
  A queen ant (shapeshifter) (D:15)
  5 orc high priests
  A fire crab (Vaults:3)
  17 deep elf knights
  3 hell knights (Abyss:1)
  4 iron golems (D:11)
  5 wizards
  A wretched star (Abyss:1)
  2 ice devils (IceCv)
  3 skeletal warriors (Vaults:2)
  2 shadow wraiths
  8 sea snakes
  4 necromancers
  10 deep elf summoners
  A lindwurm (Lair:5)
  A phantasmal warrior (Vaults:3)
  7 hill giants
  10 ironbrand convokers
  2 orc sorcerers (Orc:4)
  8 fauns
  29 harpies
  16 orc knights
  7 unseen horrors
  2 giant orange brains
  10 griffons
  19 deep elf conjurers
  23 ugly things
  4 wolf spiders
  A moth of wrath (shapeshifter) (Abyss:1)
  3 water nymphs
  A worldbinder (Abyss:1)
  11 sirens
  6 cyclopes
  6 manticores
  A guardian serpent (shapeshifter) (Vaults:2)
  2 hornets
  6 centaur zombies
  7 black mambas
  11 vault sentinels
  A torpor snail (shapeshifter) (Elf:2)
  10 elephants
  A torpor snail (Lair:4)
  17 spiny frogs
  A smoke demon (Abyss:1)
  3 centaur skeletons
  A spiny frog (shapeshifter) (Elf:2)
  3 gargoyles
  8 komodo dragons
  A yaktaur zombie (Vaults:3)
  4 kobold demonologists
  2 anaconda simulacra (IceCv)
  2 fire drakes
  12 trolls
  5 freezing wraiths
  31 yaktaurs
  12 deep elf priests
  2 queen bees (shapeshifter)
  11 two-headed ogres
  20 merfolk
  3 small abominations
  2 ancient zymes (Abyss:1)
  3 wind drakes (Shoals:4)
  3 polar bears
  25 slime creatures
  2 sphinx simulacra (Vaults:3)
  3 boulder beetles
  14 blink frogs
  11 snapping turtles
  5 shadows
  36 deep elf magi
  7 water elementals
  68 yaks
  A spriggan (shapeshifter) (D:15)
  2 spriggans (Lair:3)
  7 wraiths
  5 wyverns
  4 fire bats
  3 basilisks
  A vampire (D:12)
  A yaktaur simulacrum (Vaults:3)
  A tarantella (shapeshifter) (Vaults:3)
  A mottled dragon (Vaults:1)
  13 vampire mosquitoes
  20 wolves
  Menkaure (D:4)
  16 hippogriffs
  33 deep elf fighters
  3 hungry ghosts
  A naga (shapeshifter) (D:15)
  A death yak simulacrum (IceCv)
  2 insubstantial wisps (Abyss:1)
  2 iron troll simulacra (IceCv)
  A harpy simulacrum (IceCv)
  A water moccasin (shapeshifter) (Vaults:3)
  41 orc warriors
  19 water moccasins
  9 wargs
  5 black bears
  A soldier ant (D:14)
  11 porcupines
  7 spiders (Lair:4)
  An ice beast (D:4)
  3 wasps
  A black bear (shapeshifter) (D:14)
  7 sky beasts
  A necrophage (D:12)
  An ettin simulacrum (Vaults:1)
  4 phantoms
  4 boggarts
  31 centaurs
  20 ogres
  12 crocodiles
  9 big kobolds
  Blork the orc (D:4)
  21 giant frogs
  A gnoll sergeant (D:7)
  A scorpion (D:4)
  13 wights
  3 wyvern skeletons
  8 killer bees
  An electric eel (D:7)
  6 hounds
  23 orc wizards
  A quasit (D:7)
  11 crimson imps
  3 giant frog zombies
  5 jellies
  35 orc priests
  Crazy Yiuf (D:7)
  3 giant frog skeletons
  11 hell rats (Lair:1)
  Natasha (thrice) (D:4)
  A spriggan simulacrum (IceCv)
  7 worker ants
  4 iguanas
  42 sheep
  A wolf simulacrum (IceCv)
  A troll simulacrum (IceCv)
  A hound zombie (D:8)
  3 ogre simulacra (IceCv)
  59 river rats
  4 gnolls (D:7)
  2 worker ant zombies
  19 adders
  3 naga simulacra (IceCv)
  4 shadow imps
  5 white imps
  2 ufetubi (IceCv)
  An adder zombie (D:8)
  A worm (D:2)
  203 orcs
  7 giant cockroaches
  3 goblins
  3 hobgoblins (D:1)
  19 kobolds
  6 quokkas
  5 ball pythons
  17 bats
  3 giant geckos
  A giant gecko skeleton (D:4)
  3 giant newts
  2 goblin skeletons (D:4)
  2 hobgoblin zombies (D:4)
  2 jackal skeletons
  2 kobold zombies (D:4)
  An orc skeleton (D:4)
  2 orc zombies (D:4)
  56 rats
  A spectral orc (D:6)
  2 crawling corpses (Vaults:3)
  8 fungi
  14 plants
1724 creatures vanquished.

Vanquished Creatures (collateral kills)
  Saint Roka (Vaults:1)
  A kraken (Shoals:4)
  A storm dragon (Vaults:3)
  Wiglaf (Vaults:1)
  A frost giant (shapeshifter) (Elf:1)
  3 ironheart preservers
  2 stone giants
  A dire elephant (Lair:8)
  A merfolk javelineer (Shoals:4)
  2 merfolk impalers
  2 ogre magi
  A yaktaur captain (Vaults:3)
  6 hydras
  A merfolk avatar (Shoals:1)
  2 dancing weapons (Elf:2)
  A satyr (Shoals:4)
  4 merfolk aquamancers
  4 sea snakes (Shoals:4)
  An ironbrand convoker (Vaults:1)
  A fire crab (Lair:7)
  An ice devil (IceCv)
  A deep elf summoner (Vaults:2)
  A hill giant (D:13)
  5 griffons
  5 harpies
  A deep elf conjurer (Vaults:3)
  An orc knight (Vaults:4)
  5 ugly things
  2 wolf spiders
  3 cyclopes
  2 water nymphs
  A manticore (D:13)
  4 slime creatures
  A black mamba (shapeshifter) (D:15)
  A black mamba (Lair:7)
  2 sirens (Shoals:4)
  A vault sentinel (Vaults:2)
  An efreet (D:13)
  3 spiny frogs
  A golden dragon simulacrum (IceCv)
  2 fire drakes
  4 deep elf priests
  A yaktaur (Vaults:2)
  6 merfolk
  A freezing wraith (IceCv)
  3 two-headed ogres (Vaults:1)
  2 snapping turtles (Shoals:4)
  3 blink frogs
  A deep elf mage (Elf:1)
  A vampire (D:12)
  3 water elementals
  2 vampire mosquitoes (Vaults:3)
  2 yaks
  A hungry ghost (D:10)
  10 deep elf fighters
  2 hippogriffs
  A hydra simulacrum (IceCv)
  A water moccasin (Lair:6)
  2 phantoms
  2 orc warriors (Vaults:1)
  6 ogres
  A spider (Lair:4)
  2 centaurs
  A crocodile (Lair:4)
  A giant frog (Lair:6)
  A human zombie (Vaults:3)
  2 killer bees (D:10)
  2 draconian simulacra (IceCv)
  A jelly (D:10)
  A spriggan simulacrum (IceCv)
  A polar bear simulacrum (IceCv)
  A centaur simulacrum (IceCv)
  A troll simulacrum (IceCv)
  5 sheep
  An adder (Lair:7)
  A naga simulacrum (IceCv)
  4 river rats
  2 ufetubi (IceCv)
  9 orcs
  A kobold (D:10)
  3 fungi
  2 plants
  3 tentacles (Shoals:4)
181 creatures vanquished.

Vanquished Creatures (others)
  A merfolk javelineer (Shoals:4)
  A cyclops (Vaults:1)
  A manticore (Shoals:1)
  2 fauns (Shoals:1)
  A deep elf priest (Vaults:1)
  A raiju (Abyss:1)
  2 deep elf fighters (Elf:2)
  A small abomination (Abyss:1)
  2 bushes (Lair:7)
  39 fungi
  57 plants
  18 tentacles
  532 tentacle segments
658 creatures vanquished.

Grand Total: 2563 creatures vanquished

Notes
Turn   | Place    | Note
--------------------------------------------------------------
     0 | D:1      | achirane the Formicid Fighter began the quest for the Orb.
     0 | D:1      | Reached XP level 1. HP: 18/18 MP: 1/1
    99 | D:1      | Reached XP level 2. HP: 21/24 MP: 2/2
   859 | D:2      | Reached XP level 3. HP: 27/29 MP: 3/3
   891 | D:2      | Found a bloodstained altar of Trog.
  1906 | D:2      | Reached XP level 4. HP: 33/35 MP: 4/4
  1907 | D:2      | Reached skill level 4 in Axes
  2841 | D:4      | Reached XP level 5. HP: 41/41 MP: 5/5
  2853 | D:4      | Found a glowing drain.
  2857 | Sewer    | Entered a sewer
  2907 | Sewer    | Noticed a crocodile
  2919 | Sewer    | Killed a crocodile
  2919 | Sewer    | Reached skill level 5 in Axes
  3159 | D:4      | Reached XP level 6. HP: 25/47 MP: 6/6
  3342 | D:4      | Found an iron altar of Okawaru.
  3373 | D:4      | Noticed Menkaure
  3383 | D:4      | Killed Menkaure
  3383 | D:4      | Reached skill level 6 in Axes
  3407 | D:4      | Noticed Blork the orc
  3418 | D:4      | Killed Blork the orc
  3418 | D:4      | Reached skill level 7 in Axes
  3418 | D:4      | Reached XP level 7. HP: 52/52 MP: 7/7
  3525 | D:4      | Noticed Natasha
  3541 | D:4      | Killed Natasha
  3607 | D:4      | Reached skill level 8 in Axes
  3635 | D:4      | Found a glowing golden altar of the Shining One.
  3704 | D:4      | Noticed an ice beast
  3715 | D:4      | Killed an ice beast
  3715 | D:4      | Reached XP level 8. HP: 15/58 MP: 8/8
  4003 | D:4      | Noticed Natasha
  4007 | D:4      | Killed Natasha
  4044 | D:4      | Noticed Natasha
  4067 | D:4      | Killed Natasha
  4567 | D:4      | Found a stormy altar of Qazlal.
  4785 | D:5      | Entered Level 5 of the Dungeon
  4809 | D:5      | Got a smoking leather armour
  4820 | D:5      | Identified the +1 leather armour "Itucseid" {Int+4} (You found it on level 5 of the Dungeon)
  5154 | D:5      | Got a bloodstained ring mail
  5165 | D:5      | Identified the +3 ring mail "Nabraaz" {-Tele rCorr Int+4 Dex+3} (You found it on level 5 of the Dungeon)
  5459 | D:5      | Reached skill level 5 in Armour
  5542 | D:6      | Found a shadowy altar of Dithmenos.
  5722 | D:6      | Found a white marble altar of Elyvilon.
  5779 | D:6      | Reached skill level 9 in Axes
  5946 | D:6      | Found a basalt altar of Yredelemnul.
  6041 | D:6      | Found a burning altar of Makhleb.
  6102 | D:6      | Found a glowing silver altar of Zin.
  6102 | D:6      | Found an opulent altar of Gozag.
  6111 | D:6      | You fall through a shaft for 2 floors!
  6363 | D:8      | You fall through a shaft!
  6382 | D:9      | Reached XP level 9. HP: 43/64 MP: 9/9
  6498 | D:9      | Found a staircase to the Orcish Mines.
  6506 | D:10     | Entered Level 10 of the Dungeon
  6516 | D:10     | Reached skill level 10 in Axes
  6755 | D:10     | You fall through a shaft for 3 floors!
  6758 | D:13     | Noticed a centaur warrior
  6759 | D:13     | You fall through a shaft for 2 floors!
  6759 | D:15     | Entered Level 15 of the Dungeon
  7241 | D:15     | Noticed a troll
  7256 | D:15     | Noticed a hill giant
  7260 | D:15     | Killed a troll
  7269 | D:15     | Killed a hill giant
  7482 | D:14     | Noticed a cyclops
  7664 | D:14     | Reached XP level 10. HP: 52/70 MP: 10/10
  7857 | D:14     | Reached skill level 10 in Armour
  7929 | D:13     | Noticed a tengu warrior
  7930 | D:13     | Noticed a tengu warrior
  7934 | D:14     | You fall through a shaft!
  7945 | D:15     | Reached skill level 5 in Shields
  8141 | D:15     | Noticed a centaur skeleton
  8154 | D:15     | Killed a centaur skeleton
  8306 | D:15     | Noticed an unseen horror
  8313 | D:15     | Killed an unseen horror
  8398 | D:15     | Noticed Maud
  8398 | D:15     | Noticed Harold
  8399 | D:15     | Noticed a four-headed hydra
  8480 | D:14     | Noticed an unseen horror
  8490 | D:14     | Killed an unseen horror
  8986 | D:14     | Noticed a centaur zombie
  9018 | D:14     | Noticed a gargoyle
  9052 | D:14     | Killed a gargoyle
  9052 | D:14     | Reached skill level 5 in Fighting
  9231 | D:14     | Noticed a troll
  9249 | D:14     | Killed a troll
  9259 | D:14     | Reached XP level 11. HP: 42/84 MP: 11/11
  9361 | D:14     | Killed a centaur zombie
  9851 | D:13     | Noticed a harpy
  9854 | D:13     | Noticed a troll
  9857 | D:13     | Noticed a manticore
  9891 | D:14     | Noticed a soul eater
  9913 | D:14     | Killed a cyclops
 10314 | D:14     | Killed a troll
 10314 | D:14     | Reached skill level 10 in Fighting
 10521 | D:14     | Found Zoad's Armour Shop.
 10561 | D:13     | Noticed a brown ugly thing
 10581 | D:13     | Killed a brown ugly thing
 10939 | D:13     | Noticed a centaur zombie
 10959 | D:13     | Killed a centaur zombie
 10959 | D:13     | Reached skill level 11 in Axes
 11083 | D:13     | Noticed a harpy
 11095 | D:13     | Killed a harpy
 11226 | D:13     | Killed a centaur warrior
 11226 | D:13     | Reached XP level 12. HP: 54/98 MP: 12/12
 11459 | D:13     | Reached skill level 12 in Axes
 11929 | D:11     | Noticed an iron golem
 12070 | D:12     | Reached skill level 13 in Axes
 12586 | D:13     | Noticed a tengu warrior
 13440 | D:11     | Found an iron altar of Okawaru.
 13532 | D:11     | Reached skill level 14 in Axes
 13969 | D:11     | Reached XP level 13. HP: 104/104 MP: 13/13
 14614 | D:9      | Noticed a troll
 14636 | D:9      | Killed a troll
 14848 | D:9      | Found a deep blue altar of Sif Muna.
 14973 | D:9      | Found a staircase to the Lair.
 14978 | D:8      | Found an opulent altar of Gozag.
 15235 | D:8      | Found an iron altar of Okawaru.
 15312 | D:8      | Reached skill level 15 in Axes
 15436 | D:8      | Found Archahunk's Antique Weapon Boutique.
 15442 | D:8      | Bought a pitted war axe for 246 gold pieces
 15444 | D:8      | Identified the +10 war axe of Dullness {speed, Dex+4} (You bought it in a shop on level 8 of the Dungeon)
 16029 | D:7      | Found a radiant altar of Vehumet.
 16222 | D:7      | Found a staircase to the Ecumenical Temple.
 16237 | Temple   | Entered the Ecumenical Temple
 16306 | Temple   | Became a worshipper of Kikubaaqudgha
 16353 | D:7      | Found a blossoming altar of Fedhas.
 16386 | D:7      | Reached skill level 1 in Necromancy
 16851 | D:7      | Noticed Crazy Yiuf
 16864 | D:7      | Killed Crazy Yiuf
 17181 | D:9      | Found a shimmering altar of Xom.
 17368 | D:9      | Acquired Kikubaaqudgha's first power
 17368 | D:9      | Received a gift from Kikubaaqudgha
 17369 | D:9      | Identified Kikubaaqudgha's Disquisition on Darkness (Kikubaaqudgha gifted it to you on level 9 of the Dungeon)
 17952 | Orc:1    | Entered Level 1 of the Orcish Mines
 18315 | Orc:2    | Acquired Kikubaaqudgha's second power
 18896 | Orc:4    | Entered Level 4 of the Orcish Mines
 18905 | Orc:4    | Reached skill level 5 in Necromancy
 18948 | Orc:3    | Received a gift from Kikubaaqudgha
 18951 | Orc:3    | Identified Kikubaaqudgha's Papyrus of Sinister Rites (Kikubaaqudgha gifted it to you on level 3 of the Orcish Mines)
 19182 | Orc:3    | Noticed 4thArraOfDagon's ghost (powerful TrCK)
 19208 | Orc:3    | Killed 4thArraOfDagon's ghost
 19557 | Orc:3    | Found a staircase to the Elven Halls.
 19827 | Orc:2    | Noticed Fannar
 19844 | Orc:3    | Acquired Kikubaaqudgha's third power
 20307 | Orc:2    | Killed Fannar
 21017 | Orc:4    | Found Ycsotz's Book Shop.
 21153 | Orc:4    | Acquired Kikubaaqudgha's fourth power
 21273 | Orc:4    | Found Iloqasch's General Store.
 21297 | Orc:4    | Reached XP level 14. HP: 104/111 MP: 14/14
 21505 | Orc:4    | Found Mugreo's Antique Weapon Shop.
 21532 | Orc:4    | Reached skill level 10 in Necromancy
 21687 | Orc:4    | Found Veclidag's Antique Armour Emporium.
 21723 | Orc:4    | Bought a pair of embroidered gloves for 103 gold pieces
 21816 | Orc:4    | Noticed an orc warlord
 21890 | Lair:1   | Entered Level 1 of the Lair of Beasts
 22700 | Lair:2   | Found a radiant altar of Vehumet.
 24595 | Lair:1   | Learned a level 4 spell: Animate Dead
 25071 | Lair:4   | Found a sparkling altar of Nemelex Xobeh.
 25154 | Lair:4   | Found a hole to the Spider Nest.
 25782 | Lair:5   | Noticed Josephine
 25792 | Lair:5   | Reached XP level 15. HP: 70/116 MP: 8/15
 25799 | Lair:5   | Killed Josephine
 27168 | Lair:6   | Found a staircase to the Shoals.
 27423 | Lair:6   | Reached skill level 15 in Necromancy
 27875 | Lair:6   | Found a staircase to the Slime Pits.
 28879 | Lair:7   | Reached skill level 16 in Necromancy
 28894 | Lair:8   | Entered Level 8 of the Lair of Beasts
 29522 | Lair:8   | Noticed Cenon's ghost (powerful GrFi)
 29540 | Lair:8   | Killed Cenon's ghost
 30042 | Lair:8   | Reached XP level 16. HP: 108/123 MP: 16/16
 30895 | Lair:1   | Learned a level 5 spell: Excruciating Wounds
 30898 | Lair:1   | Learned a level 2 spell: Repel Missiles
 31407 | D:10     | Reached skill level 1 in Air Magic
 31606 | D:10     | Reached skill level 1 in Charms
 31660 | D:11     | Noticed an iron golem
 31671 | D:11     | Noticed an iron golem
 31699 | D:11     | Got an amber-encrusted chain mail
 31954 | D:11     | Noticed an iron golem
 31989 | D:11     | Killed an iron golem
 32289 | D:11     | Killed an iron golem
 32322 | D:11     | Killed an iron golem
 32478 | D:12     | Noticed an unseen horror
 32490 | D:12     | Killed an unseen horror
 32491 | D:12     | Noticed an unseen horror
 32494 | D:12     | Noticed an unseen horror
 32502 | D:12     | Killed an unseen horror
 32507 | D:12     | Killed an unseen horror
 32875 | D:12     | Noticed a hill giant
 32886 | D:12     | Killed a hill giant
 32886 | D:12     | Reached skill level 5 in Charms
 33052 | D:13     | Killed a manticore
 33097 | D:13     | Killed a tengu warrior
 33215 | D:13     | Noticed a harpy
 33222 | D:13     | Killed a harpy
 33233 | D:13     | Noticed a manticore
 33242 | D:13     | Noticed a vault guard
 33242 | D:13     | Noticed a centaur skeleton
 33242 | D:13     | Killed a manticore
 33250 | D:13     | Noticed a vault guard
 33252 | D:13     | Killed a vault guard
 33252 | D:13     | Killed a centaur skeleton
 33253 | D:13     | Noticed a vault guard
 33257 | D:13     | Noticed a vault guard
 33262 | D:13     | Killed a vault guard
 33270 | D:13     | Killed a vault guard
 33272 | D:13     | Noticed a tengu warrior
 33280 | D:13     | Killed a vault guard
 33281 | D:13     | Noticed an efreet
 33295 | D:13     | Killed a tengu warrior
 33300 | D:13     | Noticed a hill giant
 33303 | D:13     | Killed an efreet
 33312 | D:13     | Killed a hill giant
 33321 | D:13     | Killed a tengu warrior
 33421 | D:13     | Identified the +7 chain mail "Ilagot" {MR+ rCorr Dex+3} (You found it on level 11 of the Dungeon)
 33436 | D:13     | Noticed a hill giant
 33444 | D:13     | Killed a hill giant
 33470 | D:13     | Found a gate to the Vaults.
 33484 | D:13     | Noticed a harpy
 33487 | D:13     | Killed a harpy
 33586 | D:13     | Killed a harpy
 33619 | D:13     | Identified 2 scrolls of acquirement
 33707 | D:13     | Killed a tengu warrior
 33912 | D:14     | Noticed Roxanne
 34039 | D:14     | Noticed a cyan ugly thing
 34041 | D:14     | Noticed a cyan ugly thing
 34050 | D:14     | Killed a cyan ugly thing
 34053 | D:14     | Noticed a cyan ugly thing
 34055 | D:14     | Noticed a cyan ugly thing
 34074 | D:14     | Killed a cyan ugly thing
 34078 | D:14     | Killed a cyan ugly thing
 34084 | D:14     | Killed a purple ugly thing
 34175 | D:15     | Noticed an unseen horror
 34184 | D:15     | Killed Maud
 34185 | D:15     | Killed Harold
 34190 | D:15     | Killed an unseen horror
 34198 | D:15     | Killed a four-headed hydra
 34231 | D:15     | Noticed a rakshasa
 34243 | D:15     | Killed a rakshasa
 34282 | D:15     | Noticed a giant orange brain
 34282 | D:15     | Noticed a cyan ugly thing
 34282 | D:15     | Noticed a fire drake
 34282 | D:15     | a fire drake changed into an unseen horror
 34286 | D:15     | Killed a cyan ugly thing
 34299 | D:15     | Killed a giant orange brain
 34302 | D:15     | Noticed Rupert
 34312 | D:15     | Your ally Maud died
 34499 | D:14     | Killed Roxanne
 34543 | D:15     | Noticed a wizard
 34545 | D:15     | Noticed an orc knight
 34550 | D:15     | Noticed Donald
 34561 | D:15     | Killed a wizard
 34568 | D:15     | Killed an orc knight
 34568 | D:15     | Reached skill level 10 in Charms
 34590 | D:15     | Killed Donald
 34590 | D:15     | Reached XP level 17. HP: 118/129 MP: 17/17
 34637 | D:15     | Killed Rupert
 34682 | D:15     | Found a staircase to the Depths.
 34736 | D:15     | Your ally Donald died
 34772 | D:15     | Your ally Rupert died
 34831 | D:15     | Noticed a hill giant
 34841 | D:15     | Killed a hill giant
 34861 | D:15     | Noticed a griffon
 34870 | D:15     | Killed a griffon
 34872 | D:15     | Noticed a gargoyle
 34878 | D:15     | Killed a gargoyle
 34889 | D:15     | Noticed a tengu warrior
 34890 | D:15     | Noticed a hill giant
 34910 | D:15     | Killed a tengu warrior
 34917 | D:15     | Noticed a centaur zombie
 34930 | D:15     | Killed a centaur zombie
 34937 | D:15     | Killed a hill giant
 35147 | D:11     | Killed an iron golem
 35147 | D:11     | Reached skill level 1 in Spellcasting
 35228 | Lair:1   | Learned a level 6 spell: Death Channel
 35401 | Depths:1 | Entered Level 1 of the Depths
 35439 | Depths:1 | Noticed Mara
 35448 | Depths:1 | Noticed achirane's illusion
 35458 | Depths:1 | Noticed achirane's illusion
 35810 | Elf:1    | Entered Level 1 of the Elven Halls
 35932 | Elf:1    | Found Zitaiff's Book Emporium.
 36103 | Elf:1    | Reached skill level 5 in Spellcasting
 36355 | Elf:1    | Found a frozen archway.
 36405 | IceCv    | Entered an ice cave
 37596 | Elf:2    | Found Roynuheff's Distillery.
 37897 | Elf:2    | Found a huge runed gate.
 37897 | Elf:2    | Found a huge runed gate.
 37898 | Elf:2    | Found a huge runed gate.
 37899 | Elf:2    | Found a huge runed gate.
 37906 | Elf:2    | Found a huge runed gate.
 38560 | Elf:2    | Reached XP level 18. HP: 138/138 MP: 25/30
 38657 | Elf:2    | Noticed a deep elf blademaster
 38680 | Elf:2    | Killed a deep elf blademaster
 39141 | Elf:3    | Entered Level 3 of the Elven Halls
 40014 | Elf:3    | Found Ucaisyu's Assorted Antiques.
 40637 | Elf:3    | Reached XP level 19. HP: 153/153 MP: 31/31
 41000 | Elf:3    | Reached skill level 15 in Fighting
 41310 | Elf:3    | Got a brightly glowing hand crossbow
 41311 | Elf:3    | Identified the +9 hand crossbow of the Pure Souls {flame, *Drain rN++ Dex+2 SInv} (You found it on level 3 of the Elven Halls)
 42054 | Shoals:1 | Entered Level 1 of the Shoals
 44241 | Shoals:2 | Found Xeimumo's Distillery.
 44334 | Shoals:2 | Received a gift from Kikubaaqudgha
 44407 | Shoals:3 | Got a spiked ring mail
 44764 | Shoals:4 | Entered Level 4 of the Shoals
 44889 | Shoals:4 | Identified a +4 rod of ignition (13/13) (You found it on level 4 of the Shoals)
 45396 | Shoals:4 | Noticed Ilsuiw
 45811 | Shoals:4 | Reached skill level 17 in Fighting
 45840 | Shoals:4 | Killed Ilsuiw
 45876 | Shoals:4 | Reached XP level 20. HP: 144/168 MP: 32/32
 46096 | Shoals:4 | Your ally Ilsuiw died
 46462 | Shoals:4 | Identified the Almanac of Sinister Secrets and Envenoming
 46821 | Shoals:4 | Cast into the Abyss (merfolk aquamancer)
 46986 | Abyss:1  | Noticed a bone dragon
 46999 | Abyss:1  | Killed a bone dragon
 47524 | Abyss:1  | Noticed a bone dragon
 47571 | Abyss:1  | Killed a bone dragon
 47571 | Abyss:1  | Reached skill level 18 in Fighting
 47711 | Shoals:4 | Escaped the Abyss
 47808 | Shoals:4 | Got a barnacled rune of Zot
 48083 | Lair:6   | Reached skill level 15 in Armour
 48278 | Lair:1   | Identified the +1 ring mail of Dishonesty {-Cast Str+4 Slay+3} (You found it on level 3 of the Shoals)
 48303 | Lair:1   | Learned a level 6 spell: Statue Form
 48458 | Vaults:1 | Entered Level 1 of the Vaults
 48487 | Vaults:1 | Reached skill level 1 in Transmutations
 48824 | Vaults:1 | Noticed Wiglaf
 48842 | Vaults:1 | Killed Wiglaf
 48845 | Vaults:1 | Reached skill level 5 in Transmutations
 49034 | Vaults:1 | Your ally Wiglaf died
 49077 | Vaults:1 | Noticed Aizul
 49098 | Vaults:1 | Killed Aizul
 49288 | Vaults:1 | Noticed Saint Roka
 49310 | Vaults:1 | Your ally Aizul died
 49492 | Vaults:1 | Killed Saint Roka
 49653 | Vaults:1 | Your ally Saint Roka died
 49667 | Vaults:1 | Reached XP level 21. HP: 173/178 MP: 33/33
 50315 | Vaults:2 | Got a fine arbalest
 50316 | Vaults:2 | Identified the +5 arbalest of Devotion {flame, rPois rF+ Int+4} (You found it on level 2 of the Vaults)
 50475 | Vaults:2 | Reached skill level 10 in Transmutations
 50754 | Vaults:2 | Reached skill level 1 in Earth Magic
 51039 | Vaults:2 | Reached skill level 5 in Earth Magic
 51193 | Vaults:2 | Found a staircase to the Crypt.
 51193 | Vaults:2 | Found a basalt altar of Yredelemnul.
 51194 | Vaults:2 | Found an ancient bone altar of Kikubaaqudgha.
 52012 | Vaults:3 | Reached skill level 10 in Earth Magic
 52174 | Vaults:3 | Reached XP level 22. HP: 162/185 MP: 31/34
 53035 | Vaults:3 | Found Hocviz's Antique Armour Boutique.
 54070 | Vaults:4 | HP: 8/185 [soul eater/drain life[an ironheart preserver] (12)]
 54072 | Vaults:4 | Demolished by an Ice Fiend

Vault maps used:
D:1:      dpeg_arrival_long_road
D:2:      lemuel_doored_altar, first_bread, minmay_rats_cheesy_pizza
D:4:      grunt_qazlal_sundering, okawaru_trees_1, gup_sewer_entry_bowl,
          minmay_item_behind_shaft, nicolae_tso_besieged_by_evil, uniq_natasha,
          uniq_blork_the_orc, uniq_menkaure
D:5:      minmay_statues_item, hex_tiny, minivault_1, kennysheep_potato
D:6:      grunt_temple_overflow_gold_and_silver,
          yredelemnul_forgotten_temple_becter, nicolae_overflow_crystal_walls,
          makhleb_heckhound_becter, kennysheep_nub,
          nicolae_dithmenos_shadow_blocks
D:7:      fedhas_bush_and_centaur_altar, vehumet_statue,
          minmay_temple_entry_overgrown, kennysheep_generic_room_9,
          uniq_crazy_yiuf_cottage
D:8:      serial_park, serial_park_tiny_2, serial_park_square3,
          serial_park_gazebo, serial_park_tiny_pond, serial_shops, shop,
          blue_anna_alchemist, nicolae_gozag_seed_capital
D:9:      kennysheep_little_box, xom_butterflies, lair_0_dummy, david_orc_2,
          st_stairs_14, kennysheep_minor_cross
D:11:     cheibrodos_stairvault_heist, basic_altar, minmay_misc_feat_x
D:12:     lab_entry_generic, hangedman_batty
D:13:     lightli_vaults_fourway_checkpoint, hangedman_aviary
D:14:     serial_shops, shop_coins, uniq_roxanne
D:15:     gammafunk_enter_depths_forms, sword_in_stone, uniq_rupert
Temple:   nicolae_temple_great_sept
Lair:1:   lemuel_ratsnest
Lair:2:   wad_woods_stonehenge, lemuel_fruit_fields, lemuel_fruit_tree
Lair:3:   forest_entry_grove
Lair:4:   spider_nest_entry_a, basic_altar, serial_bayou_shore_b
Lair:5:   uniq_josephine
Lair:6:   minmay_shoals_entry_lonely_mermaid, dpeg_slime_entry_corner,
          eino_small_chamber_without_monster, grunt_megastairs_2
Lair:7:   minmay_lair_venomous_thicket
Lair:8:   due_jungle_book
Shoals:2: serial_shops, shop
Shoals:3: nicolae_shoals_square_sea_wall
Shoals:4: shoals_end_simple, shoal_ilsuiw
Orc:1:    uniq_harold
Orc:2:    uniq_fannar
Orc:3:    nicolae_orc_pool_cavern
Orc:4:    grunt_orc_gardens, grunt_orc_garden, grunt_orc_garden,
          grunt_orc_garden, grunt_orc_garden
Elf:1:    elf_arrival_001, portal_ice_cave_entry_ugly_swarm, serial_shops,
          nicolae_shop_crystal, hangedman_elf_disciples, uniq_donald
Elf:2:    serial_shops, shop, dk_noncrumbling_3, nicolae_twisting_strands,
          hex_medium
Elf:3:    grunt_elf_hall_asides, serial_shops, nicolae_shop_window_shopping
Vaults:1: nicolae_vaults_shelves_hall, grunt_vaults_bifocal, vaults_room_boxed,
          nicolae_vaults_asterisk, serial_ice_g, hangedman_vaults_variations,
          vaults_room_grid, ontoclasm_vaults_ring_small, special_room_vaults,
          vaults_mumra_chevron_long, grunt_vaults_twisty, grunt_vaults_swirl,
          v_misc_12, uniq_saint_roka, uniq_wiglaf, uniq_aizul
Vaults:2: minmay_crypt_entry_necro_gods, nicolae_vaults_rhombus_6,
          grunt_vaults_hallway_long, nicolae_vaults_border_crossing, v_misc_1,
          v_alt_pattern_6, hangedman_vaults_snaps, dpeg_vaults_monster_row,
          v_misc_32, grunt_vaults_focal, grunt_vaults_hallway_short,
          hangedman_vaults_impose, nicolae_vaults_shelves_hall,
          vaults_room_stairs_pillars
Vaults:3: hangedman_vaults_trim, vaults_room_large_hall, ontoclasm_vaults_chip,
          v_misc_5, grunt_vaults_trifunnel, v_misc_4, vaults_dpeg_ring,
          nicolae_vaults_big_ls, st_octagons_2, grunt_vaults_diagonal,
          vaults_room_ringed_pool, ontoclasm_vaults_twist, serial_shops, shop,
          infiniplex_enter_wizlab_glasses
Vaults:4: nicolae_vaults_angled_halls, nicolae_vaults_yaktaur_gun_rack,
          grunt_vaults_hallway_long, v_misc_18, vaults_mumra_hexcomb,
          vaults_dpeg_encased_lava, nicolae_vaults_what_the_h, v_alt_pattern_2,
          nicolae_vaults_little_ls, ontoclasm_vaults_fault, v_pattern_2
Depths:1: enter_ziggurat_c, pan_entry, hell_entry, wad_floor_pattern_untrapped,
          minmay_orc_keep, uniq_mara
Sewer:    sewer_big_baddie
IceCv:    ice_cave_caverns_03

Action                   |  1- 3 |  4- 6 |  7- 9 | 10-12 | 13-15 | 16-18 | 19-21 | 22-24 || total
-------------------------+-------+-------+-------+-------+-------+-------+-------+-------++-------
Melee: War axe           |   128 |   107 |   277 |   707 |  1685 |  1377 |  1584 |   316 ||  6181
       Quick blade       |       |       |       |       |    20 |       |       |       ||    20
 Fire: Hunting sling     |       |    15 |    32 |    36 |     6 |     5 |       |       ||    94
       Blowgun           |       |       |       |       |    24 |       |       |       ||    24
Throw: Stone             |     5 |     1 |     2 |     2 |     2 |       |       |       ||    12
       Javelin           |       |     7 |    25 |    16 |       |    47 |       |       ||    95
       Tomahawk          |       |       |       |       |     9 |    10 |       |       ||    19
 Cast: Animate Dead      |       |       |       |       |    35 |    65 |    66 |    18 ||   184
       Repel Missiles    |       |       |       |       |       |     6 |     9 |     2 ||    17
       Death Channel     |       |       |       |       |       |     6 |     2 |     3 ||    11
Invok: Receive Corpses   |       |       |       |       |     7 |    24 |    14 |       ||    45
       Torment           |       |       |       |       |       |     4 |       |       ||     4
       Receive Necronomi |       |       |       |       |       |       |     1 |       ||     1
 Abil: Shaft Self        |       |       |     4 |     1 |       |       |       |       ||     5
       Dig               |       |       |       |     2 |     9 |    37 |     4 |       ||    52
Evoke: Wand              |       |     2 |     6 |     6 |     8 |    11 |     4 |     3 ||    40
  Use: Potion            |       |       |     2 |     6 |       |    11 |     5 |     1 ||    25
       Scroll            |       |       |       |    14 |    12 |     8 |     8 |     2 ||    44
 Stab: Distracted        |       |       |       |       |     4 |     8 |     9 |     3 ||    24
       Invisible         |       |       |       |       |       |       |     2 |       ||     2
  Eat: Chunk             |     3 |     5 |    10 |     9 |    59 |    29 |    36 |    11 ||   162
       Pizza             |       |       |     3 |       |     1 |     1 |     1 |     1 ||     7
       Meat ration       |       |       |       |     2 |       |     3 |     3 |       ||     8
       Royal jelly       |       |       |       |     1 |       |     1 |       |       ||     2
       Fruit             |       |       |       |     2 |     2 |     2 |       |       ||     6
       Bread ration      |       |       |       |       |       |     5 |     1 |       ||     6
       Beef jerky        |       |       |       |       |       |       |     1 |       ||     1
